 Dungeon Crawl Stone Soup version 0.29-a0-330-g52719c12eb (webtiles) character file.

Game seed: 16462661769973416852

12847 HoaS the Quickloader (level 12, -4/82 HPs)
             Began as a Kobold Hunter on May 19, 2022.
             Was an Elder of Makhleb.
             Engulfed by an ice statue's freezing vapour (20 damage)
             ... in an ice cave.
             The game lasted 00:29:48 (12070 turns).

HoaS the Quickloader (Kobold Hunter)               Turns: 12070, Time: 00:29:49

Health: -4/82      AC:  8    Str:  8    XL:     12   Next: 25%
Magic:  0/12       EV: 35    Int:  6    God:    Makhleb [****..]
Gold:   783        SH:  8    Dex: 34    Spells: 11/11 levels left

rFire   . . .      SeeInvis .   a - +5 hand crossbow (flame)
rCold   . . .      Faith    .   (no shield)
rNeg    . . .      Spirit   +   k - +1 leather armour of Ytaonor {rCorr Int-4 Dex+10 Stlth+}
rPois   .          Reflect  .   (no helmet)
rElec   .          Harm     .   n - +2 cloak
rCorr   +          Rampage  .   y - +0 pair of gloves
Will    .....                   (no boots)
Stlth   +++++.....              r - brooch of Shielding {Spirit SH+8}
HPRegen 0.23/turn               l - +4 ring of evasion
MPRegen 0.13/turn               (no ring)

@: frozen, very slow
A: small, no large weapons, nightstalker 3
a: Renounce Religion, Minor Destruction, Lesser Servant of Makhleb, Major
Destruction


You were in an ice cave.
You worshipped Makhleb.
Makhleb was greatly pleased with you.
You visited 3 branches of the dungeon, and saw 13 of its levels.
You also visited: Ossuary and Ice Cave.

You collected 783 gold pieces.

Inventory:

Hand Weapons
 a - a +5 hand crossbow of flaming (weapon)
Armour
 k - the +1 leather armour of Ytaonor (worn) {rCorr Int-4 Dex+10 Stlth+}
   (You found it on level 3 of the Dungeon)

   Int:       It affects your intelligence (-4).
   Dex:       It affects your dexterity (+10).
   rCorr:     It protects you from acid and corrosion.
   Stlth:     It makes you more stealthy.
 n - a +2 cloak (worn)
 y - a +0 pair of gloves (worn)
Jewellery
 l - a +4 ring of evasion (left hand)
 r - the brooch of Shielding (around neck) {Spirit SH+8}
   (You found it on level 7 of the Dungeon)

   [amulet of guardian spirit]

   It causes incoming damage to be divided between your reserves of health and
   magic.
   SH:        It affects your SH (+8).
 t - a ring of fire
Wands
 m - a wand of mindburst (4)
 o - a wand of polymorph (8)
 q - a wand of iceblast (4)
 s - a wand of acid (2)
Scrolls
 b - a scroll of fog
 c - 3 scrolls of immolation
 g - a scroll of teleportation
Potions
 d - 4 potions of might
 e - a potion of cancellation
 f - 11 potions of curing
 h - 4 potions of attraction
 i - a potion of berserk rage
 j - 2 potions of mutation
 p - 4 potions of flight
 u - a potion of heal wounds
 v - a potion of resistance {unknown}
 w - a potion of invisibility {unknown}
 z - a potion of lignification {unknown}
 A - a potion of haste {unknown}


   Skills:
 + Level 12.4 Fighting
 + Level 13.3 Crossbows
 - Level 4.0 Armour
 + Level 12.8 Dodging
 - Level 3.0 Stealth


You had 11 spell levels left.
You didn't know any spells.
Your spell library contained the following spells:

 Spells                   Type           Power      Damage    Failure   Level
 Animate Skeleton         Necr           0%         N/A       56%         1
 Magic Dart               Conj           0%         1d3       56%         1
 Pain                     Necr           0%         1d4       56%         1
 Ensorcelled Hibernation  Hex/Ice        0%         N/A       71%         2
 Passwall                 Tmut/Erth      0%         N/A       71%         2
 Searing Ray              Conj           0%         2d4       71%         2
 Static Discharge         Conj/Air       0%         N/A       71%         2
 Ignite Poison            Fire/Tmut/Pois 0%         N/A       91%         3
 Mephitic Cloud           Conj/Pois/Air  0%         N/A       91%         3
 Swiftness                Air            0%         N/A       91%         3
 Vampiric Draining        Necr           0%         2d6       91%         3
 Dispel Undead            Necr           0%         3d6       100%        4
 Fulminant Prism          Conj/Hex       0%         3d6       100%        4
 Sticky Flame             Conj/Fire      0%         2d3       100%        4
 Freezing Cloud           Conj/Ice/Air   0%         6-21      100%        5


Dungeon Overview and Level Annotations

Branches:
Dungeon (11/15)            Temple (1/1) D:5            Lair (0/6) D:11
    Orc (1/2) D:10        Ossuary (visited)           IceCv (1/1)

Altars:
Ashenzari
Cheibriados
Dithmenos
Elyvilon
Fedhas
Gozag
Hepliaklqana
Kikubaaqudgha
Makhleb
Nemelex Xobeh
Okawaru
Qazlal
Ru
Sif Muna
Trog
Uskayaw
Vehumet
Wu Jian
Xom
Yredelemnul
Zin
The Shining One

Shops:
D:10 (

Annotations:
IceCv exclusion: ice statue


Innate Abilities, Weirdness & Mutations

You are small and have problems with some larger weapons.
You are completely attuned to the shadows.


Message History

Shoot: a) +5 hand crossbow (flame)
Press: ? - help, Q - select action, (/) - cycle Shift-Dir - straight line, f/p - ice statue
Aim: an ice statue (moderately damaged, 95% to hit)
You shoot a bolt. The bolt hits the ice beast!
The bolt melts the ice beast!
You kill the ice beast!
The ice beast disappears in a puff of smoke!
You block the ice beast's attack. The ice beast completely misses you.
The ice statue gestures at you. The freezing blast misses you.
The rime drake is engulfed in freezing vapours.
The rime drake misses you.
Shoot: a) +5 hand crossbow (flame)
Press: ? - help, Q - select action, (/) - cycle Shift-Dir - straight line, f/p - ice statue
Aim: an ice statue (moderately damaged, 95% to hit)
You shoot a bolt. The bolt barely misses the ice statue.
You are engulfed in freezing vapours.
The ice beast completely misses you. You block the ice beast's attack.
The ice statue gestures.
The rime drake is engulfed in freezing vapours.
The rime drake breathes ice at you. The flash freeze hits you!
You are encased in ice.
Shoot: a) +5 hand crossbow (flame)
Press: ? - help, Q - select action, (/) - cycle Shift-Dir - straight line, f/p - ice statue
Aim: an ice statue (moderately damaged, 95% to hit)
You shoot a bolt.
The bolt hits the ice statue but does no damage.
The ice statue is moderately damaged.
You are engulfed in freezing vapours.
* * * LOW HITPOINT WARNING * * *
The rime drake is engulfed in freezing vapours.
The rime drake completely misses you. The ice beast closely misses you.
The ice beast completely misses you.
Shoot: a) +5 hand crossbow (flame)
Press: ? - help, Q - select action, (/) - cycle Shift-Dir - straight line, f/p - ice statue
Aim: an ice statue (moderately damaged, 95% to hit)
You shoot a bolt. The bolt hits the ice statue!
The bolt melts the ice statue.
The ice statue is heavily damaged.
You are engulfed in freezing vapours.
You die...

#...##
#....##
...#...#
.####..#
##..##
#..##
##.°## #
#..°°#8##
...°.@.Y.#
...°kYY...
..........
..........
.........


You could see an ice statue, a rime drake and 3 ice beasts.

Vanquished Creatures
  A boulder beetle (D:11)
  A two-headed ogre (D:11)
  A deep elf pyromancer (D:10)
  A manticore (D:9)
  Maurice (D:9)
  Psyche (D:10)
  A meliai (D:9)
  A hornet (D:10)
  A troll (D:11)
  Grinder (D:4)
  5 slime creatures
  A vampire (D:11)
  2 shadows (D:10)
  10 yaks
  Sigmund (D:4)
  A wyvern (D:10)
  2 wraiths (Ossuary)
  3 vampire mosquitoes
  A steam dragon (D:9)
  Menkaure (D:4)
  A warg (D:10)
  A water moccasin (D:7)
  4 ice beasts
  4 orc warriors
  A wolf (D:8)
  6 centaurs
  A phantom (D:5)
  Blork the orc (D:4)
  4 bullfrogs
  2 gnoll sergeants (D:8)
  2 necrophages (D:7)
  3 scorpions
  11 wights
  4 troll zombies (D:10)
  9 killer bees
  2 electric eels (D:9)
  3 howler monkeys
  A wyvern simulacrum (D:8)
  A komodo dragon simulacrum (IceCv)
  2 jellies
  6 orc priests
  Crazy Yiuf (D:5)
  3 gnoll shamans
  3 hounds (D:5)
  8 orc wizards
  Natasha (thrice) (D:4)
  4 ogre zombies (D:10)
  2 centaur simulacra (D:9)
  23 gnolls
  An acid dragon simulacrum (IceCv)
  4 adders
  2 shadow imps
  21 white imps
  A howler monkey simulacrum (D:9)
  An ufetubus (D:9)
  4 steam dragon simulacra (IceCv)
  An adder zombie (Ossuary)
  2 worms
  2 dart slugs
  30 orcs
  11 ball pythons
  4 endoplasms
  2 giant cockroaches (D:1)
  12 goblins
  8 hobgoblins
  4 jackals
  3 quokkas
  A ball python skeleton (Ossuary)
  4 bats
  2 frilled lizards (D:1)
  2 goblin skeletons (D:10)
  A goblin zombie (D:10)
  9 hobgoblin skeletons
  5 hobgoblin zombies
  6 kobolds
  4 orc skeletons
  12 orc zombies
  2 rats
314 creatures vanquished.

Vanquished Creatures (others)
  An orc wizard (D:10)
1 creature vanquished.

Grand Total: 315 creatures vanquished

Notes
Turn   | Place    | Note
-------+----------+-------------------------------------------
     0 | D:1      | HoaS the Kobold Hunter began the quest for the Orb.
     0 | D:1      | Reached XP level 1. HP: 12/12 MP: 1/1
    89 | D:1      | Reached XP level 2. HP: 17/17 MP: 2/2
   130 | D:1      | Reached skill level 6 in Crossbows
   303 | D:1      | Reached XP level 3. HP: 21/21 MP: 3/3
   634 | D:1      | Found a faded altar of an unknown god.
  1070 | D:2      | Reached skill level 7 in Crossbows
  1191 | D:2      | Reached XP level 4. HP: 26/26 MP: 4/4
  1524 | D:3      | Found a white marble altar of Elyvilon.
  1668 | D:3      | Identified the +1 leather armour of Ytaonor {rCorr Int-4
                  | Dex+10 Stlth+}
  1673 | D:3      | Identified the +0 ring mail of Pan-Flutes {rPois rN++ Int+4
                  | Stlth+}
  1861 | D:3      | Reached XP level 5. HP: 30/30 MP: 5/5
  1926 | D:3      | Reached skill level 8 in Crossbows
  2524 | D:4      | Found a hide-covered altar of Uskayaw.
  2526 | D:4      | Noticed a +0 short sword
  2526 | D:4      | Noticed a +0 dagger
  2527 | D:4      | Noticed a +0 falchion
  2529 | D:4      | Noticed a +0 dagger
  2545 | D:4      | Reached skill level 9 in Crossbows
  2545 | D:4      | Reached XP level 6. HP: 10/35 MP: 6/6
  2782 | D:4      | Noticed Natasha
  2784 | D:4      | Killed Natasha
  2797 | D:4      | Noticed Grinder
  2801 | D:4      | Paralysed by Grinder for 3 turns
  2808 | D:4      | Killed Grinder
  2809 | D:4      | Reached skill level 10 in Crossbows
  2809 | D:4      | Reached XP level 7. HP: 17/40 MP: 7/7
  3014 | D:4      | Noticed a +0 spear
  3014 | D:4      | Noticed a +0 short sword
  3015 | D:4      | Noticed a +0 falchion
  3015 | D:4      | Noticed a +0 spear
  3092 | D:4      | Noticed Natasha
  3097 | D:4      | Killed Natasha
  3126 | D:4      | You fall into a shaft and drop 2 floors!
  3136 | D:5      | Entered Level 5 of the Dungeon
  3197 | D:5      | Reached skill level 1 in Armour
  3501 | D:5      | Reached XP level 8. HP: 46/48 MP: 8/8
  3565 | D:5      | Found a runed translucent door.
  3568 | D:5      | Noticed Crazy Yiuf
  3959 | D:5      | Reached skill level 5 in Fighting
  3989 | D:4      | Noticed Natasha
  3993 | D:4      | Killed Natasha
  4004 | D:4      | Noticed Menkaure
  4008 | D:4      | Killed Menkaure
  4048 | D:4      | Noticed Sigmund
  4236 | D:4      | Noticed Blork the orc
  4241 | D:4      | Killed Blork the orc
  4316 | D:4      | Killed Sigmund
  4317 | D:4      | Reached skill level 5 in Dodging
  4369 | D:4      | Reached XP level 9. HP: 37/56 MP: 9/9
  4893 | D:5      | Found a staircase to the Ecumenical Temple.
  4899 | Temple   | Entered the Ecumenical Temple
  5141 | Temple   | Became a worshipper of Makhleb the Destroyer
  5255 | D:5      | Killed Crazy Yiuf
  6087 | D:7      | Found a sand-covered staircase.
  6091 | Ossuary  | Entered an ossuary
  6913 | D:7      | Found the brooch of Shielding {Spirit SH+8}
  7084 | D:7      | Reached * piety under Makhleb
  7528 | D:8      | Reached XP level 10. HP: 55/66 MP: 7/10
  7549 | D:8      | Reached skill level 10 in Fighting
  7928 | D:8      | Reached skill level 10 in Dodging
  7933 | D:8      | Reached ** piety under Makhleb
  8187 | D:8      | Found a shadowy altar of Dithmenos.
  8610 | D:9      | Found a radiant altar of Vehumet.
  8825 | D:9      | Noticed Maurice
  8841 | D:9      | Killed Maurice
  8842 | D:9      | Reached XP level 11. HP: 62/73 MP: 9/11
  8909 | D:9      | Reached skill level 11 in Crossbows
  8937 | D:9      | Identified the +1 robe of Refuge {Harm Rampage Drain
                  | Stlth+}
  8989 | D:9      | Found a stormy altar of Qazlal.
  9000 | D:9      | Found an ancient bone altar of Kikubaaqudgha.
  9721 | D:9      | Noticed a manticore
  9726 | D:9      | Killed a manticore
  9758 | D:9      | Reached *** piety under Makhleb
  9819 | D:9      | Reached skill level 12 in Crossbows
 10085 | D:10     | Entered Level 10 of the Dungeon
 10457 | D:10     | Found a staircase to the Orcish Mines.
 10487 | D:10     | Reached **** piety under Makhleb
 10671 | D:10     | Noticed a deep elf pyromancer
 11038 | D:10     | Found Hisegot's Antique Weapon Boutique.
 11135 | D:10     | Killed a deep elf pyromancer
 11487 | D:10     | Noticed Psyche
 11525 | D:10     | Killed Psyche
 11731 | Orc:1    | Entered Level 1 of the Orcish Mines
 11731 | Orc:1    | Noticed an orc high priest
 11761 | D:11     | Noticed a boulder beetle
 11788 | D:11     | Killed a boulder beetle
 11789 | D:11     | Reached XP level 12. HP: 45/81 MP: 6/12
 11947 | D:11     | Reached skill level 13 in Crossbows
 12015 | D:11     | Found a frozen archway.
 12016 | D:11     | Noticed a two-headed ogre
 12022 | D:11     | Killed a two-headed ogre
 12030 | IceCv    | Entered an ice cave
 12070 | IceCv    | Engulfed by an ice statue's freezing vapour

Illustrated notes

Levels and vault maps discovered:
D:1:      lightli_arrival_statue_moat, layout_loops_ring,
          basic_ecumenical_altar, amcnicky_mini_rare_corridor_liquid
D:2:      layout_loops_cross
D:3:      layout_loops_ring, elyvilon_altar_3, minivault_14
D:4:      layout_rooms, nicolae_uskayaw_en_pointe, uniq_menkaure, uniq_grinder,
          uniq_blork_the_orc, uniq_natasha, uniq_sigmund
D:5:      layout_loops_ring, minmay_temple_entry_butterflies,
          uniq_crazy_yiuf_cottage
D:6:      layout_cave_pools, serial_bayou_crossing
D:7:      layout_loops_corners, enter_ossuary_5
D:8:      layout_loops_ring, nicolae_dithmenos_the_darkroom, serial_ice,
          serial_ice_k, serial_ice_d, serial_ice_n, serial_ice_e,
          columned_hall_lemuel
D:9:      layout_long_grid, amcnicky_altar_gilded,
          mainiacjoe_overflow_catch_the_wave, serial_ice, serial_ice_l,
          serial_ice_a, serial_ice_c, serial_ice_f, serial_ice_m,
          hangedman_corner_corridor, uniq_maurice
D:10:     layout_layer_cave, zombieorc2_lemuel, serial_shops,
          nicolae_diamond_shop, uniq_psyche
D:11:     layout_long_grid, lair_entry_dummy, serial_shops, shop,
          portal_ice_cave_entry_imps, vehumet_statue
Temple:   regret_index_temple_sphere_string
Orc:1:    layout_caves, serial_shops, shop_scrolls, lightli_church_of_beogh
IceCv:    ice_cave_small_dragons

Skill      XL: |  1  2  3  4  5  6  7  8  9 10 11 12 |
---------------+-------------------------------------+-----
Crossbows      | 6 7 9 10 12 13 | 13.3
Stealth        | 2 3 |  3.0
Fighting       | 4 6 9 10 12 | 12.4
Dodging        | 3 5 7 10 12 | 12.8
Armour         | 1 3 4 |  4.0

Action                   |  1- 3 |  4- 6 |  7- 9 | 10-12 || total
-------------------------+-------+-------+-------+-------++-------
 Fire: Hand crossbow     |    68 |    84 |   277 |   587 ||  1016
Throw: Throwing net      |       |       |       |     2 ||     2
  Use: Scroll            |     2 |     8 |    13 |     9 ||    32
       Potion            |       |       |       |     1 ||     1
Armor: Leather armour    |     4 |     3 |     9 |    15 ||    31
       Ring mail         |       |     7 |       |       ||     7
Dodge: Dodged            |    19 |    22 |   107 |   284 ||   432
Block: Other             |       |       |     7 |   128 ||   135

Table legend: (Time is in decaauts)
 A = Elapsed time spent in this place.
 B = Non-inter-level travel time spent in this place.
 C = Inter-level travel time spent in this place.
 D = Time resting spent in this place.
 E = Time spent auto-exploring this place.
 F = Levels seen in this place.
 G = Mean time per level.
                   A        B        C        D        E       F      G
               +--------+--------+--------+--------+--------+-----+--------+
         Total |  12171 |  11661 |    510 |   2324 |   7392 |  15 |  811.4 |
       Dungeon |  11420 |  10953 |    467 |   2158 |   6971 |  11 | 1038.2 |
        Temple |    267 |    225 |     42 |      0 |    210 |   1 |  267.0 |
  Orcish Mines |      3 |      3 |      0 |      0 |      0 |   1 |    3.0 |
       Ossuary |    437 |    437 |      0 |    166 |    198 |   1 |  437.0 |
      Ice Cave |     41 |     41 |      0 |      0 |     13 |   1 |   41.0 |
               +--------+--------+--------+--------+--------+-----+--------+

Top non-repeatable levels by time:
    D:10: 1841 daAuts
     D:4: 1492 daAuts
     D:9: 1382 daAuts
     D:8: 1216 daAuts
     D:5: 1187 daAuts
     D:7: 1167 daAuts
     D:3: 894 daAuts
     D:1: 771 daAuts
     D:2: 744 daAuts
     D:6: 608 daAuts
 Ossuary: 437 daAuts
  Temple: 267 daAuts
    D:11: 114 daAuts
   IceCv: 41 daAuts
   Orc:1: 3 daAuts
